Unix NetHack Version 3.7.0-101 Work-in-progress - last build Apr 1 2024 01:38:13 (a918b33ba548942b39fbf317ac6a96664004a8da,branch:master). Game began 2024-04-01 08:57:28, ended 2024-04-01 09:14:28. elenmirie, neutral female gnomish Archeologist ---- |>.--- ----....| |.......| --.....--- |......| |..@..-| |..r..d| -.|...-- . --.-- .. |.| -- -.| .- - Elenmirie the Field Worker St:11 Dx:9 Co:16 In:15 Wi:16 Ch:8 Neutral Dlvl:5 $:0 HP:0(25) Pw:12(12) AC:9 Xp:3/67 T:1888 Latest messages: Yermak bites the gnome. The gnome misses Yermak. You hear crashing rock. Yermak misses the gnome. Yermak bites the gnome. The gnome is killed! You swap places with Yermak. You hear crashing rock. You kill the giant rat! You lash the giant rat. The giant rat bites! You kill the giant rat! You see here a giant rat corpse. You stop. The gnome is in the way! You hear some noises in the distance. You hear crashing rock. You see here 9 rocks. You hear crashing rock. You see here 9 rocks. Yermak bites the dwarf. The dwarf swings his pick-axe at Yermak. The dwarf hits Yermak. You hear some noises. You hear some noises in the distance. You hear crashing rock. Yermak drops a rock. Yermak picks up a rock. You hear crashing rock. You hear crashing rock. You kill the lichen! You see here a lichen corpse. There is a lichen corpse here; eat it? [ynq] (n) y This lichen corpse tastes okay. Yermak bites the dwarf. You finish eating the lichen corpse. You descend the stairs. You lash the rabid rat. Yermak misses the rabid rat. The rabid rat bites! The rabid rat's bite was poisoned! Yermak misses the rabid rat. You miss the rabid rat. The rabid rat bites! The rabid rat's bite was poisoned! You die... Do you want your possessions identified? [ynq] (y) y Do you want to see your attributes? [ynq] (y) y Do you want an account of creatures vanquished? [ynaq] (y) y Do you want to see your conduct and achievements? [ynq] (y) y Do you want to see the dungeon overview? [ynq] (y) y Inventory: Weapons m - an uncursed +0 elven dagger a - an uncursed +2 bullwhip (weapon in right hand) Armor c - an uncursed +0 fedora (being worn) j - a cursed -2 pair of jumping boots b - a blessed +0 leather jacket (being worn) Comestibles d - 4 uncursed food rations q - 2 uncursed lembas wafers o - an uncursed tripe ration Tools w - an uncursed sack containing 7 items i - an uncursed magic marker (0:21) r - an uncursed +0 pick-axe (alternate weapon; not wielded) e - an uncursed skeleton key C - a cursed skeleton key v - an uncursed tin whistle t - an uncursed tinning kit (0:95) Gems/Stones s - an uncursed dilithium crystal D - an uncursed worthless piece of violet glass g - an uncursed touchstone Contents of the sack: 1195 gold pieces an uncursed potion of booze an uncursed potion of hallucination an uncursed potion of healing an uncursed potion of paralysis an uncursed potion of restore ability an uncursed potion of speed Elenmirie the Archeologist's attributes: Background: You were a Field Worker, a level 3 female gnomish Archeologist. You were neutral, on a mission for Camaxtli who was opposed by Quetzalcoatl (lawful) and Huhetotl (chaotic). You were right-handed. You were in the Gnomish Mines, on level 5. You entered the dungeon 1888 turns ago. You had 67 experience points, 13 more were needed to attain level 4. Basics: You had 0 out of 25 hit points. You had all 12 energy points (spell power). Your armor class was 9. Your wallet was empty, but you had 1195 zorkmids stashed away in your pack. Autopickup was on for '$' plus thrown. Final Characteristics: Your strength was 11 (limit:18/50). Your dexterity was 9 (limit:18). Your constitution was 16 (limit:18). Your intelligence was 15 (limit:19). Your wisdom was 16 (limit:18). Your charisma was 8 (limit:18). Final Status: You weren't hungry. You were unencumbered. You were wielding a whip. You had basic skill with whip. Final Attributes: You were devoutly aligned. You had automatic searching. You had infravision. You are dead. Miscellaneous: You never encountered a bones level. Total elapsed playing time was 17 minutes. Major events: Turn 1: elenmirie the neutral female gnomish Archeologist entered the dungeon 1268: attained the rank of Field Worker (level 3) 1407: entered the Gnomish Mines 1888: killed by a rabid rat Vanquished creatures: a shrieker a dwarf a kobold leader a giant bat a hobbit 2 manes a large kobold 2 giant rats 3 yellow molds a green mold 2 gnomes 3 garter snakes 2 geckos 4 jackals a fox 2 kobolds a goblin a sewer rat a grid bug a lichen a kobold zombie 6 newts 39 creatures vanquished. No species were genocided or became extinct. Voluntary challenges: You were illiterate. You never engraved Elbereth. You never genocided any monsters. You never polymorphed an object. You never changed form. You used no wishes. Achievements: You attained the rank of Field Worker. You entered the Gnomish Mines. The Dungeons of Doom: levels 1 to 3 Level 1: Many fountains. Level 2: Level 3: A fountain. Stairs down to The Gnomish Mines. The Gnomish Mines: levels 4 to 5 Level 4: Level 5: <- You were here. Final resting place for you, killed by a rabid rat. Game over: ---------- / \ / REST \ / IN \ / PEACE \ / \ | elenmirie | | 1195 Au | | killed by a | | rabid rat | | | | | | 2024 | *| * * * | * _________)/\\_//(\/(/\)/\//\/|_)_______ Goodbye elenmirie the Archeologist... You died in The Gnomish Mines on dungeon level 5 with 1544 points, and 1195 pieces of gold, after 1888 moves. You were level 3 with a maximum of 25 hit points when you died.